[Event "45th FIDE Olympiad 2024"]
[Site "Budapest"]
[Date "2024.09.11"]
[Round "1.39"]
[White "Idani, Pouya"]
[Black "Ang, Ern Jie Anderson"]
[Result "1-0"]
[ECO "C84"]
[WhiteElo "2599"]
[BlackElo "2132"]
[Annotator "TA"]
[PlyCount "75"]
[EventDate "2024.09.05"]
[EventType "team-tourn"]
[EventCountry "HUN"]
[SourceTitle "playchess.com"]
[Source "ChessBase"]
[SourceQuality "1"]
[WhiteTeam "Iran"]
[BlackTeam "Malaysia"]
[WhiteTeamCountry "IRI"]
[BlackTeamCountry "MAS"]
[TimeControl "40/5400+30:1800+30"]

1. e4 e5 2. Nf3 Nc6 3. Bb5 a6 4. Ba4 Nf6 5. d3 b5 6. Bb3 Be7 7. a4 b4 8. a5 d6 9. O-O O-O 10. Nbd2 Rb8 11. Nc4 Be6 12. h3 h6 {[%emt 0:05:32] The position is equal.} 13. Re1 Qc8 14. Be3 Qb7 15. Nfd2 d5 16. exd5 Bxd5 17. f3 Rfd8 18. Bf2 Bd6 (18... Nd7 $5) 19. Ne4 Nxe4 (19... Be7 $5) 20. fxe4 Be6 21. Rf1 Be7 (21... Nd4 $11 {remains equal.}) 22. Qh5 $16 Bf8 (22... Rf8 $14 {was preferrable.}) 23. Be3 ({Stronger than} 23. Nxe5 Bxb3 24. Nxc6 Qxc6 $17) 23... Re8 24. Rf3 {[%emt 0:06:24][%cal Oe3h6] White is much more active.} (24. Nxe5 $2 {loses.} Nxe5 25. Ba4 Bd6 $19) 24... g6 {[%emt 0:04:18] [#]} 25. Qh4 {[%emt 0:00:24] aiming for Raf1.} Nd4 26. Bxd4 exd4 27. Raf1 {[%emt 0:01:15] Threatens to win with Qg3.} c5 $2 {[%emt 0:00:54][%mdl 8192] Black cannot hold the game after this.} (27... Re7 $16) 28. Qg3 $18 {[%emt 0:05:29][%cal Of3f7] Black must now prevent Rxf7!} Qe7 29. Nb6 {[%emt 0:00:37] [#] Hoping for Rxf7. White is clearly winning.} Qg5 {[%emt 0:01:35] Black is weak on the light squares} 30. Bxe6 fxe6 31. Qxg5 hxg5 32. Nd7 Bd6 33. Nf6+ Kg7 34. Nxe8+ Rxe8 35. Rf7+ Kh6 36. Ra7 g4 37. Rxa6 Be5 38. Rc6 {[%emt 0:00:08] Weighted Error Value: White=0.09 (flawless) /Black=0.42.  Loses game:     	---       	Black=1      Mistake:       	---       	Black=2      Inaccurate:     	White=2     	Black=3      OK:         	White=12    	Black=6      Best:        	---       	Black=1} 1-0

[Event "45th FIDE Olympiad 2024"]
[Site "Budapest"]
[Date "2024.09.11"]
[Round "1.39"]
[White "Pinto, Daniel"]
[Black "Jones, Rupert"]
[Result "1-0"]
[ECO "A25"]
[WhiteElo "2273"]
[BlackElo "1849"]
[Annotator "ChessBase"]
[PlyCount "69"]
[EventDate "2024.09.05"]
[EventType "team-tourn"]
[EventCountry "HUN"]
[SourceTitle "playchess.com"]
[Source "ChessBase"]
[SourceQuality "1"]
[WhiteTeam "Bolivia"]
[BlackTeam "Papua New Guinea"]
[WhiteTeamCountry "BOL"]
[BlackTeamCountry "PNG"]
[TimeControl "40/5400+30:1800+30"]

1. c4 e5 2. Nc3 Nc6 3. g3 g6 4. Bg2 Bg7 5. e3 d6 6. Nge2 Nge7 7. O-O O-O 8. Rb1 Be6 9. Nd5 a5 10. a3 Qd7 11. d3 Nd8 12. Nec3 f5 13. b4 Bxd5 14. Nxd5 axb4 15. Nxe7+ Qxe7 16. axb4 Ra7 17. Bb2 c6 18. Ra1 Rxa1 19. Qxa1 Ne6 20. Re1 Qc7 21. Qa7 h6 22. b5 Nd8 23. bxc6 Nxc6 24. Qa2 Kh7 25. Rb1 Rb8 26. Bc3 b6 27. Qa4 Ne7 28. Qb5 g5 29. Ra1 h5 30. Ra6 Nc8 31. Qe8 Bh6 32. Bd5 Ne7 33. Qf7+ Kh8 34. Qxh5 Nxd5 35. Qxh6+ 1-0

[Event "45th FIDE Olympiad 2024"]
[Site "Budapest"]
[Date "2024.09.11"]
[Round "1.40"]
[White "Kavin, Mohan"]
[Black "Movahed, Sina"]
[Result "1/2-1/2"]
[ECO "E76"]
[WhiteElo "1997"]
[BlackElo "2528"]
[Annotator "TA"]
[PlyCount "107"]
[EventDate "2024.09.05"]
[EventType "team-tourn"]
[EventCountry "HUN"]
[SourceTitle "playchess.com"]
[Source "ChessBase"]
[SourceQuality "1"]
[WhiteTeam "Malaysia"]
[BlackTeam "Iran"]
[WhiteTeamCountry "MAS"]
[BlackTeamCountry "IRI"]
[TimeControl "40/5400+30:1800+30"]

1. d4 Nf6 2. c4 g6 3. Nc3 Bg7 4. e4 d6 5. f4 O-O 6. Nf3 c5 7. d5 b5 8. cxb5 a6 9. Bd2 Qb6 (9... e6 $11) 10. a4 $14 {[%emt 0:04:56] a5 is the strong threat.} e6 11. Bc4 axb5 12. Bxb5 exd5 13. e5 Ne4 {[%emt 0:16:56] [#] ...c4 would now be deadly.} 14. Nxd5 Qb7 15. Nc3 d5 (15... dxe5 $11 {remains equal.} 16. Nxe5 Bxe5 17. fxe5 Nxc3 18. Bxc3 Qxg2) 16. O-O $16 Na6 {[%emt 0:01:18][%cal Bb8a6,Ba6c7,Bc7e6][%mdl 32] [#]} 17. Be1 (17. Be3 $1 $16) 17... Nc7 $11 18. Bd3 Ne6 19. Bxe4 dxe4 20. Nd2 Rd8 $132 {[%emt 0:06:12][%mdl 2048] Hoping for ...e3. Black is fighting back} 21. Ncxe4 Qxb2 22. Rb1 Qd4+ 23. Bf2 Qxa4 24. Qxa4 Rxa4 25. Bh4 Rf8 (25... g5 {keeps more tension.} 26. fxg5 Ba6 27. g6 Bxf1 28. Bxd8 Bd3) 26. Be7 Re8 27. Rb8 Bd7 28. Rfb1 {[%emt 0:03:00] aiming for Rxe8+.} Ra8 29. Rxa8 Rxa8 30. Nxc5 Bc6 31. Nxe6 fxe6 32. Nc4 Bh6 (32... Kf7 $14 33. Bg5 Bf8) 33. g3 $16 Re8 34. Bf6 Bf8 35. Nd6 Ra8 36. Rc1 Ra6 37. Rc2 h6 38. Kf2 {[%emt 0:00:54] White is more active.} Kh7 39. h3 Kg8 40. Rc3 Kh7 41. Ke3 Kg8 42. g4 Kh7 43. Rb3 Ra8 {[%emt 0:00:22] Inhibits Rb8.} 44. h4 Kg8 45. Rc3 Ra6 46. Kd4 Ra4+ 47. Ke3 Ra6 48. h5 gxh5 49. gxh5 Rb6 (49... Bd5 $11) 50. Nc8 $14 Ra6 51. Nd6 {[%emt 0:01:52] Dodges Be8} Rb6 52. Kd4 Ra6 53. Rb3 Ra4+ 54. Ke3 {[%emt 0:02:46] Weighted Error Value: White=0.11 (very precise) /Black=0.10 (very precise) .  Mistake:       	White=1     	Black=3      Inaccurate:     	White=5     	Black=3      OK:         	White=21    	Black=24     Best:        	White=4     	Black=3} 1/2-1/2

[Event "45th FIDE Olympiad 2024"]
[Site "Budapest"]
[Date "2024.09.11"]
[Round "1.41"]
[White "Eltigani, Omar"]
[Black "Wojtaszek, Radoslaw"]
[Result "0-1"]
[ECO "D00"]
[WhiteElo "2241"]
[BlackElo "2681"]
[Annotator "TA"]
[PlyCount "76"]
[EventDate "2024.09.05"]
[EventType "team-tourn"]
[EventCountry "HUN"]
[SourceTitle "playchess.com"]
[Source "ChessBase"]
[SourceQuality "1"]
[WhiteTeam "Sudan"]
[BlackTeam "Poland"]
[WhiteTeamCountry "SUD"]
[BlackTeamCountry "POL"]
[TimeControl "40/5400+30:1800+30"]

1. d4 Nf6 2. Nc3 d5 3. Bf4 c5 4. e3 a6 5. dxc5 Qa5 6. Bxb8 Rxb8 7. Qd4 $1 e6 8. b4 {[%emt 0:00:32] The position is equal.} Qc7 9. Nf3 b6 10. cxb6 Rxb6 11. a3 Bd6 12. Na4 Rc6 13. c3 e5 14. Qd1 O-O 15. Be2 Be6 16. h3 Ne4 17. O-O Ra8 {[%emt 0:02:47][%cal Oh7h6] [#]} 18. c4 $1 dxc4 19. Qc2 f5 20. Rac1 h6 21. Nd2 Nxd2 22. Qxd2 e4 23. Rfd1 (23. Nc5 $1 $11 Bxc5 24. Bxc4) 23... Rd8 {[%emt 0:01:14] Strongly threatening ...Bh2+.} 24. Kh1 Be7 25. Qc2 Rxd1+ 26. Rxd1 Qe5 27. Nc3 Bf6 28. Qa4 Qc7 (28... Rd6 $11 29. Rc1 Bf7) 29. b5 ({White should try} 29. Nd5 $14 Bxd5 30. Rxd5) 29... axb5 $11 30. Nxb5 Qe7 31. Nd4 Rc8 32. Qb5 $2 {[%emt 0:04:56][%mdl 8192] [#]} (32. Qa6 $1 $11 {and White is okay.} Bxd4 33. Rxd4) 32... Bxd4 $1 $19 33. exd4 c3 $1 {[%emt 0:00:04][%cal Oc3c2] ...c2! is the strong threat.} (33... Qxa3 34. d5 Qb3 35. Qxb3 cxb3 36. Ba6 $16 (36. dxe6 b2 $17)) 34. d5 c2 35. Rc1 (35. dxe6 c1=Q (35... cxd1=R+ 36. Bxd1 Rc1 37. Qd5 $17) 36. Rxc1 Rxc1+ 37. Kh2 Qxe6 (37... Qxa3 $2 {perishes.} 38. Qd7 $18) 38. g3) 35... Qxa3 {[%emt 0:02:08] Black is clearly winning.} 36. Rxc2 Rxc2 37. dxe6 Rc1+ 38. Bf1 (38. Kh2 $142 Qd6+ 39. g3 Qxe6 40. Qb2) 38... Qd6 {[%emt 0:00:26] Weighted Error Value: White=0.61/Black=0.29 (precise) .  Loses game:     	White=1     	---        Mistake:       	White=3     	Black=1      Inaccurate:     	White=2     	Black=4      OK:         	White=13    	Black=12     Best:        	White=1     	Black=3      Strong:       	White=1     	Black=2} (38... Qd3 $142 39. Kh2 Qxf1 (39... Rxf1 40. Qe5 $11) 40. Qb8+ Kh7) 0-1

[Event "45th FIDE Olympiad 2024"]
[Site "Budapest"]
[Date "2024.09.11"]
[Round "1.41"]
[White "Kudakwashe, Chinake"]
[Black "Al Hosani, Omran"]
[Result "1-0"]
[ECO "D00"]
[WhiteElo "1859"]
[BlackElo "2241"]
[Annotator "ChessBase"]
[PlyCount "85"]
[EventDate "2024.09.05"]
[EventType "team-tourn"]
[EventCountry "HUN"]
[SourceTitle "playchess.com"]
[Source "ChessBase"]
[SourceQuality "1"]
[WhiteTeam "Cayman Islands"]
[BlackTeam "United Arab Emirates"]
[WhiteTeamCountry "CAY"]
[BlackTeamCountry "UAE"]
[TimeControl "40/5400+30:1800+30"]

1. d4 Nf6 2. Nc3 d5 3. Bf4 a6 4. e3 h6 5. h3 e6 6. Nf3 c5 7. Be2 Be7 8. O-O O-O 9. Ne5 b5 10. a3 Bb7 11. Bf3 Nc6 12. Ne2 Qb6 13. c3 c4 14. Qc2 a5 15. g4 Nxe5 16. Bxe5 Nd7 17. Bg2 b4 18. Bg3 Bd6 19. f4 bxa3 20. bxa3 Qc7 21. Bh4 f5 22. Bf3 g6 23. Kh1 Kh7 24. Rg1 Nf6 25. gxf5 gxf5 26. Ng3 Kh8 27. Bxf6+ Rxf6 28. Nh5 Rf7 29. Rg6 Rg8 30. Qg2 Qd8 31. Rg1 Rxg6 32. Qxg6 Qf8 33. Qxe6 Bc8 34. Qg6 Bb7 35. a4 Bc6 36. Qe6 Bd7 37. Qxd5 Qe7 38. Rg6 Qxe3 39. Rxh6+ Kg8 40. Rg6+ Kh8 41. Rxd6 Qe1+ 42. Kh2 Qf2+ 43. Bg2 1-0

[Event "45th FIDE Olympiad 2024"]
[Site "Budapest"]
[Date "2024.09.11"]
[Round "1.42"]
[White "Piorun, Kacper"]
[Black "Ahmed, Hassan"]
[Result "1-0"]
[ECO "B06"]
[WhiteElo "2599"]
[BlackElo "2234"]
[Annotator "TA"]
[PlyCount "97"]
[EventDate "2024.09.05"]
[EventType "team-tourn"]
[EventCountry "HUN"]
[SourceTitle "playchess.com"]
[Source "ChessBase"]
[SourceQuality "1"]
[WhiteTeam "Poland"]
[BlackTeam "Sudan"]
[WhiteTeamCountry "POL"]
[BlackTeamCountry "SUD"]
[TimeControl "40/5400+30:1800+30"]

1. d4 g6 2. e4 Bg7 3. Nc3 c5 4. dxc5 Bxc3+ 5. bxc3 Qa5 {[%emt 0:00:14] Black is weak on the dark squares} 6. Qd4 Nf6 7. Qb4 Qc7 8. Bd3 {[%emt 0:00:09] White is slightly better.} Nc6 9. Qa4 Qe5 {[%emt 0:00:08] [#]} (9... Ne5 $142) 10. Ne2 (10. Qa3 $142 $1) 10... Qxc5 $16 11. O-O d6 12. c4 Bd7 13. Qb3 Na5 14. Qc3 Rc8 15. Be3 Qc7 16. Bg5 (16. c5 $5) 16... Qc5 17. Bxf6 exf6 18. Qxf6 Qe5 19. Qh4 Nxc4 20. f4 Qe7 21. Qf2 {[%emt 0:02:49][%cal Of2d4] Qd4! is the strong threat.} O-O 22. Qd4 d5 23. Nc3 ({Much weaker is} 23. Qxa7 dxe4 24. Bxc4 Rxc4 $17) 23... Nb6 24. exd5 f5 25. Rab1 Qc5 26. Ne2 Qxd5 27. Qxd5+ Nxd5 28. Rxb7 Bc6 29. Rxa7 {[%emt 0:00:29] Hoping for Nd4.} Ne3 30. Rb1 Bxg2 31. Nd4 {[%emt 0:07:39] Re1 would now be deadly.} Bd5 32. a4 Rfd8 (32... Ra8 $16 {is a better defense.} 33. Rxa8 Rxa8) 33. Rb4 (33. a5 $18 {is more deadly.}) 33... Ra8 34. Re7 {[%emt 0:02:29] White is more active.} Re8 {[%emt 0:00:18] Loses the game.} (34... Ng4 $16 35. h3 Nf6) 35. Rxe8+ $18 Rxe8 36. a5 Nd1 37. Ne2 Bf3 {[%emt 0:01:26] [#]} 38. a6 $1 Re7 {[%emt 0:01:36] [#]} (38... Bxe2 $2 {loses.} 39. a7 Bf3 (39... Bxd3 $2 40. Rb8 $18) 40. Rb8 $18) (38... Kg7 39. Rd4) 39. Rb1 $1 Ne3 40. Nd4 Bd5 41. Re1 Kf7 42. a7 (42. Bb5 $142) 42... Kf6 $2 (42... Ba8 43. Bb5 Nd5 44. Rxe7+ Nxe7) 43. Ra1 {[%emt 0:00:00] White is clearly winning.} Ba8 44. Bb5 {[%emt 0:00:00] Wards off Rd7. Threatens to win with Ra6+.} ({Not} 44. Ra6+ Kg7 45. c4 Ng2 46. Ne6+ Kf7 $18) 44... Nd5 45. Bc6 Nc7 46. Rb1 {[%emt 0:00:00] Black must now prevent Bxa8.} Bxc6 (46... Ne6 $142 47. Bxa8 Rxa7) 47. Nxc6 Re6 {[%emt 0:00:00] [#]} 48. Rb7 $1 Rxc6 {[%emt 0:00:00] [#]} (48... Na8 49. Rb8) 49. Rxc7 $1 {[%emt 0:00:00][%mdl 512] Weighted Error Value: White=0.14 (very precise) /Black=0.29 (precise) .  Mistake:       	White=3     	Black=5      Inaccurate:     	White=2     	Black=5      OK:         	White=26    	Black=15     Best:        	White=2     	Black=3} 1-0

[Event "45th FIDE Olympiad 2024"]
[Site "Budapest"]
[Date "2024.09.11"]
[Round "1.42"]
[White "Ammar, Sedrani"]
[Black "Young, Christopher"]
[Result "1-0"]
[ECO "E94"]
[WhiteElo "2226"]
[BlackElo "1758"]
[Annotator "ChessBase"]
[PlyCount "111"]
[EventDate "2024.09.05"]
[EventType "team-tourn"]
[EventCountry "HUN"]
[SourceTitle "playchess.com"]
[Source "ChessBase"]
[SourceQuality "1"]
[WhiteTeam "United Arab Emirates"]
[BlackTeam "Cayman Islands"]
[WhiteTeamCountry "UAE"]
[BlackTeamCountry "CAY"]
[TimeControl "40/5400+30:1800+30"]

1. d4 Nf6 2. c4 g6 3. Nc3 Bg7 4. e4 d6 5. Be2 O-O 6. Nf3 Nbd7 7. O-O e5 8. d5 Nc5 9. Qc2 a5 10. Bg5 Bd7 11. b3 h6 12. Be3 Re8 13. a3 Ng4 14. Bxc5 dxc5 15. Ne1 f5 16. Nd3 b6 17. Bxg4 fxg4 18. b4 axb4 19. axb4 Bf8 20. bxc5 bxc5 21. Qd2 Kg7 22. Rfb1 Bd6 23. Rxa8 Qxa8 24. Qb2 Qa6 25. Nb5 Bxb5 26. Qxb5 Qxb5 27. Rxb5 Ra8 28. f3 gxf3 29. gxf3 Ra4 30. Nxc5 Rxc4 31. Ne6+ Kf6 32. Kg2 h5 33. h4 Rc2+ 34. Kg3 Rc1 35. Rb8 Rg1+ 36. Kh2 Rf1 37. Kg2 Rc1 38. Rd8 Rc2+ 39. Kh3 Rc3 40. Kg3 Ke7 41. Rg8 Kf7 42. Rg7+ Kf6 43. Rh7 Rc1 44. Kh2 Rc2+ 45. Kh3 Rc1 46. Nd8 Rh1+ 47. Kg2 Rxh4 48. Rf7+ Kg5 49. Ne6+ Kh6 50. Nxc7 Bxc7 51. Rxc7 Kg5 52. d6 Kf6 53. Re7 Rf4 54. Re8 h4 55. d7 h3+ 56. Kh2 1-0

[Event "45th FIDE Olympiad 2024"]
[Site "Budapest"]
[Date "2024.09.11"]
[Round "1.43"]
[White "Nader, Obeid"]
[Black "Bartel, Mateusz"]
[Result "0-1"]
[ECO "A45"]
[WhiteElo "2083"]
[BlackElo "2618"]
[Annotator "TA"]
[PlyCount "59"]
[EventDate "2024.09.05"]
[EventType "team-tourn"]
[EventCountry "HUN"]
[SourceTitle "playchess.com"]
[Source "ChessBase"]
[SourceQuality "1"]
[WhiteTeam "Sudan"]
[BlackTeam "Poland"]
[WhiteTeamCountry "SUD"]
[BlackTeamCountry "POL"]
[TimeControl "40/5400+30:1800+30"]

1. d4 Nf6 2. Bf4 c6 3. c3 Qb6 4. Qc2 d6 5. Nd2 Nh5 6. Nc4 Qc7 7. Bd2 b5 8. Na3 {[%emt 0:10:17] The position is equal.} a6 9. e3 Nf6 10. c4 Qb7 11. c5 (11. Nf3 $11) 11... dxc5 $15 12. dxc5 g6 (12... Qc7 $17) 13. Bd3 ({White should try} 13. Ba5 $1 $11) 13... Bg7 (13... a5 $15) 14. Ba5 $1 $11 O-O 15. Nf3 Bg4 16. Ne5 Nbd7 17. Nxg4 Nxg4 18. Rc1 f5 19. h3 Ngf6 20. O-O Nd5 21. Nb1 e6 22. Nc3 Rf7 23. Be2 Bf8 24. e4 Nf4 25. exf5 exf5 26. Rfe1 Nxc5 27. Bf1 Nce6 {[%emt 0:01:12] Black is more active.} 28. Rcd1 c5 {[%emt 0:01:19] Hoping for ...Nd4.} 29. g3 $2 {[%emt 0:00:48] [#]} (29. Qd2 $11 Ra7 30. a4) 29... Ng5 $1 $19 {[%emt 0:02:47] White must now prevent ...Nf3+. A dynamic duo of knights.} 30. Re3 {[%emt 0:00:00] Weighted Error Value: White=0.28 (precise) /Black=0.13 (very precise) .  Loses game:     	White=1     	---        Mistake:       	White=2     	Black=2      Inaccurate:     	White=2     	Black=2      OK:         	White=8     	Black=8      Best:        	White=1     	Black=1      Strong:       	White=1     	Black=1} 0-1

[Event "45th FIDE Olympiad 2024"]
[Site "Budapest"]
[Date "2024.09.11"]
[Round "1.43"]
[White "Shaw, Clifford"]
[Black "Ahmed, Fareed"]
[Result "0-1"]
[ECO "A03"]
[WhiteElo "1744"]
[BlackElo "2061"]
[Annotator "NA"]
[PlyCount "60"]
[EventDate "2024.09.05"]
[EventType "team-tourn"]
[EventCountry "HUN"]
[SourceTitle "playchess.com"]
[Source "ChessBase"]
[SourceQuality "1"]
[WhiteTeam "Cayman Islands"]
[BlackTeam "United Arab Emirates"]
[WhiteTeamCountry "CAY"]
[BlackTeamCountry "UAE"]
[TimeControl "40/5400+30:1800+30"]

1. f4 d5 2. Nf3 Nf6 3. e3 Bf5 4. b3 e6 5. Bb2 Be7 6. Be2 O-O 7. O-O h6 8. Ne5 Nbd7 9. g4 Bh7 10. d3 Nxe5 11. fxe5 Nd7 12. Nd2 f6 13. Nf3 fxe5 14. Nxe5 Nxe5 15. Bxe5 Bd6 16. Bf4 e5 17. Bg3 Qg5 18. Qc1 Rxf1+ 19. Kxf1 e4 20. Bxd6 cxd6 21. d4 h5 22. h3 Rf8+ 23. Ke1 Qh4+ 24. Kd2 Qxh3 25. gxh5 Rf2 26. Qg1 Rg2 27. Qf1 Qf3 28. Kd1 Rf2 29. Qe1 Qxe3 30. Qd2 Rxe2 0-1

[Event "45th FIDE Olympiad 2024"]
[Site "Budapest"]
[Date "2024.09.11"]
[Round "1.44"]
[White "Gumularz, Szymon"]
[Black "Hamid, Mohammed"]
[Result "1-0"]
[ECO "E90"]
[WhiteElo "2571"]
[BlackElo "2090"]
[Annotator "TA"]
[PlyCount "51"]
[EventDate "2024.09.05"]
[EventType "team-tourn"]
[EventCountry "HUN"]
[SourceTitle "playchess.com"]
[Source "ChessBase"]
[SourceQuality "1"]
[WhiteTeam "Poland"]
[BlackTeam "Sudan"]
[WhiteTeamCountry "POL"]
[BlackTeamCountry "SUD"]
[TimeControl "40/5400+30:1800+30"]

1. c4 g6 2. d4 Bg7 3. Nc3 c5 4. d5 d6 5. e4 Nf6 6. h3 O-O 7. Nf3 Na6 8. Bd3 Nc7 9. O-O a6 10. a4 Rb8 11. Re1 Nd7 12. Bf4 {[%emt 0:01:24] White is more active.} Ne5 13. Nxe5 dxe5 (13... Bxe5 $16 {might work better.} 14. Bxe5 dxe5) 14. Be3 $18 Qd6 (14... a5 $142 15. Bxc5 b6) 15. a5 Bd7 16. Na4 Bxa4 17. Qxa4 Rfc8 {[%emt 0:04:27] Black is weak on the light squares} 18. Red1 Ne8 19. b4 cxb4 (19... Nf6 {is a better defense.} 20. Bxc5 (20. bxc5 Rxc5 21. Bxc5 Qxc5 $18) 20... Rxc5) 20. Rac1 Nf6 21. c5 Qd7 22. Qxd7 {[%emt 0:03:27] White is clearly winning.} Nxd7 23. c6 bxc6 24. dxc6 Nf6 25. Bxa6 Nxe4 26. c7 {[%emt 0:00:14] White took control after the opening.   Weighted Error Value: White=0.04 (flawless) /Black=0.51.  Mistake:       	---       	Black=3      Inaccurate:     	---       	Black=4      OK:         	White=4     	Black=4      Best:        	White=5     	---} 1-0

[Event "45th FIDE Olympiad 2024"]
[Site "Budapest"]
[Date "2024.09.11"]
[Round "1.44"]
[White "Sultan, Ibrahim"]
[Black "Tracey, Shaun M"]
[Result "1-0"]
[ECO "A80"]
[WhiteElo "2206"]
[BlackElo "1684"]
[Annotator "ChessBase"]
[PlyCount "47"]
[EventDate "2024.09.05"]
[EventType "team-tourn"]
[EventCountry "HUN"]
[SourceTitle "playchess.com"]
[Source "ChessBase"]
[SourceQuality "1"]
[WhiteTeam "United Arab Emirates"]
[BlackTeam "Cayman Islands"]
[WhiteTeamCountry "UAE"]
[BlackTeamCountry "CAY"]
[TimeControl "40/5400+30:1800+30"]

1. d4 e6 2. Nf3 f5 3. Bf4 Nf6 4. e3 Be7 5. Be2 b6 6. O-O Bb7 7. c4 O-O 8. h3 Ne4 9. Nfd2 Nxd2 10. Qxd2 d6 11. Nc3 Nd7 12. b4 Kh8 13. Bh2 Bf6 14. Rab1 Qe7 15. c5 a6 16. Rfc1 Rfc8 17. Bd3 Bg5 18. Ne2 Be4 19. Bxe4 fxe4 20. cxd6 cxd6 21. Rxc8+ Rxc8 22. Rc1 Rf8 23. Rc7 Qf7 24. Bg3 1-0

[Event "45th FIDE Olympiad 2024"]
[Site "Budapest"]
[Date "2024.09.11"]
[Round "1.45"]
[White "Suleymanli, Aydin"]
[Black "Ahmad, Al Khatib"]
[Result "1-0"]
[ECO "C76"]
[WhiteElo "2632"]
[BlackElo "2302"]
[Annotator "TA"]
[PlyCount "91"]
[EventDate "2024.09.05"]
[EventType "team-tourn"]
[EventCountry "HUN"]
[SourceTitle "playchess.com"]
[Source "ChessBase"]
[SourceQuality "1"]
[WhiteTeam "Azerbaijan"]
[BlackTeam "Jordan"]
[WhiteTeamCountry "AZE"]
[BlackTeamCountry "JOR"]
[TimeControl "40/5400+30:1800+30"]

1. e4 e5 2. Nf3 Nc6 3. Bb5 a6 4. Ba4 d6 5. O-O Bd7 6. c3 g6 7. d4 Bg7 8. h3 b5 9. Bc2 Nf6 10. Re1 O-O {[%emt 0:01:04] White has an edge.} 11. Nbd2 Re8 12. Nf1 Nh5 13. Bg5 Qc8 14. Qd2 Na5 15. b3 c5 16. dxe5 dxe5 17. Rad1 Be6 18. N1h2 (18. Ne3 $5) 18... Nc6 19. Be3 Bf8 20. Ng5 a5 (20... Rd8 $11 21. Qc1 Bd7) 21. Nxe6 Qxe6 22. Bd3 c4 23. bxc4 bxc4 {[%emt 0:00:19][%cal Oe8d8] [#] White must now prevent ...Red8!} 24. Bf1 {[%emt 0:00:18] A strong pair of Bishops.} a4 25. Nf3 Na5 26. Qc2 a3 27. Rd5 Nf6 28. Rxe5 Qc6 29. Nd4 Qc7 30. Rxe8 Rxe8 31. Bg5 Nd7 32. Rb1 Nc5 33. Re1 (33. g3 $16) 33... Rb8 (33... Nd7 $1 $11) 34. Bc1 $16 Ncb3 35. Be3 (35. axb3 cxb3 36. Qb1 Qxc3 37. Bxa3 Bxa3 $17 (37... Qxd4 38. Bb2 $11)) 35... Nxd4 36. Bxd4 Rb2 (36... Nc6 $142 37. Bxc4 Nxd4 38. cxd4 Rb4) 37. Qa4 Rxa2 (37... Nc6 $16 38. Qxc4 (38. Bxc4 Nxd4 39. cxd4 Rb4 $17) 38... Qd7) 38. e5 $18 Rb2 $2 (38... Nb3) 39. e6 fxe6 40. Rxe6 {[%emt 0:00:05][%cal Oa4a5] [#] Qxa5! is the strong threat.} Rb1 41. Re8 $40 {[%emt 0:51:24][%cal Be6e8,Be8a8,Ba8a6][%mdl 160] White wants a kill.} Kf7 $2 (41... Nb3 42. Be3 (42. Qxa3 Qf7 $11) 42... Rxf1+ 43. Kxf1 a2) 42. Ra8 {[%emt 0:00:00] White threatens Qe8+ and mate.} Be7 43. Qe8+ Ke6 44. Ra6+ Kf5 45. Qf7+ Kg5 46. Be3+ {[%emt 0:00:00] Weighted Error Value: White=0.16 (very precise) /Black=0.50.  Mistake:       	White=1     	Black=6      Inaccurate:     	White=2     	Black=3      OK:         	White=11    	Black=10     Best:        	White=5     	Black=2} 1-0

[Event "45th FIDE Olympiad 2024"]
[Site "Budapest"]
[Date "2024.09.11"]
[Round "1.45"]
[White "Duran Vega, Sergio"]
[Black "Solomon, Joshua"]
[Result "1-0"]
[ECO "A13"]
[WhiteElo "2308"]
[BlackElo "1587"]
[Annotator "ChessBase"]
[PlyCount "72"]
[EventDate "2024.09.05"]
[EventType "team-tourn"]
[EventCountry "HUN"]
[SourceTitle "playchess.com"]
[Source "ChessBase"]
[SourceQuality "1"]
[WhiteTeam "Costa Rica"]
[BlackTeam "Antigua and Barbuda"]
[WhiteTeamCountry "CRI"]
[TimeControl "40/5400+30:1800+30"]

1. Nf3 Nf6 2. c4 e6 3. g3 g6 4. b3 Bg7 5. Bb2 O-O 6. Bg2 d6 7. d4 Nbd7 8. O-O Re8 9. e3 e5 10. dxe5 dxe5 11. Nxe5 Rb8 12. Nxd7 Bxd7 13. Nc3 a6 14. a4 Qe7 15. Ra2 Bc6 16. Nd5 Bxd5 17. cxd5 a5 18. Qa1 h5 19. h3 b5 20. Rc1 bxa4 21. Rc6 axb3 22. Ra4 Rb6 23. Rf4 Rxc6 24. dxc6 Rb8 25. Qxa5 Ne8 26. Qa1 Bxb2 27. Qxb2 Ng7 28. Bd5 Ne6 29. Re4 Qd6 30. Bxb3 Kh7 31. Qf6 Qxc6 32. Qxf7+ Ng7 33. Re7 Qc3 34. Bc2 Rb6 35. Rxc7 Qb2 36. Rc5 Kh6 1-0